 Dungeon Crawl Stone Soup version 0.25-a0-975-gcae8493d64 (webtiles) character file.

Game seed: 7185605223549650996, levelgen mode: deterministic

222556 Flugslaktarn the Severer (level 18, 0/153 HPs)
             Began as a Barachi Fighter on May 9, 2020.
             Was the Champion of Makhleb.
             Killed from afar by an air elemental (6 damage)
             ... with a tornado
             ... summoned by Sojobo
             ... on level 2 of the Vaults.
             The game lasted 00:20:43 (30789 turns).

Flugslaktarn the Severer (Barachi Fighter)         Turns: 30789, Time: 00:20:44

Health: 0/153      AC: 41    Str: 21    XL:     18   Next: 75%
Magic:  0/26       EV: 15    Int: 16    God:    Makhleb [******]
Gold:   2762       SH: 15    Dex: 23    Spells: 17/17 levels left

rFire    + . .     SeeInvis .   U - +9 broad axe (freeze)
rCold    . . .     Gourm    .   c - +0 kite shield
rNeg     . . .     Faith    .   v - +11 plate armour "Vezuci" {-Tele Int+7 Dex+5}
rPois    +         Spirit   +   A - +0 helmet
rElec    .         Reflect  .   K - +2 cloak
rCorr    .         Harm     .   S - +2 pair of gloves {archery}
MR       ++...     NoTele   +   E - +2 pair of boots of Twilight {rPois}
Stlth    ..........             i - amulet of guardian spirit
HPRegen  0.35/turn              p - ring of Kahocsur {rF+ Dex+2}
MPRegen  0.20/turn              m - ring of protection from magic

@: mighty, flying (expiring), hasted, very quick
A: +LOS, swims, slowness 1, strong legs 2
}: 2/15 runes: decaying, serpentine
a: Hop, Minor Destruction, Lesser Servant of Makhleb, Major Destruction, Greater
Servant of Makhleb, Renounce Religion


You were on level 2 of the Vaults.
You worshipped Makhleb.
Makhleb was exalted by your worship.
You were not hungry.

You visited 7 branches of the dungeon, and saw 34 of its levels.
You also visited: Sewer and Ossuary.

You collected 4755 gold pieces.
You spent 1993 gold pieces at shops.

Inventory:

Hand Weapons
 H - a +3 hand axe of electrocution
   (You took it off an orc on level 7 of the Dungeon)
 U - a +9 broad axe of freezing (weapon)
   (You took it off a death knight on level 14 of the Dungeon)
Missiles
 I - 4 throwing nets (quivered)
Armour
 c - a +0 kite shield (worn)
 v - the +11 plate armour "Vezuci" (worn) {-Tele Int+7 Dex+5}
   (You bought it in a shop on level 2 of the Orcish Mines)

   It affects your intelligence (+7).
   It affects your dexterity (+5).
   It prevents most forms of teleportation.
 A - a +0 helmet (worn)
   (You found it on level 6 of the Dungeon)
 E - the +2 pair of boots of Twilight (worn) {rPois}
   (You found it on level 5 of the Dungeon)

   It protects you from poison.
 K - a +2 cloak (worn)
   (You took it off Maurice on level 8 of the Dungeon)
 S - a +2 pair of gloves of archery (worn)
   (You found it on level 6 of the Lair of Beasts)
 V - a +1 chain mail of fire resistance
   (You took it off Urug on level 12 of the Dungeon)
Jewellery
 f - an uncursed ring of protection from fire
   (You found it on level 10 of the Dungeon)
 i - an amulet of guardian spirit (around neck)
   (You found it on level 1 of the Dungeon)
 m - a ring of protection from magic (right hand)
   (You found it on level 11 of the Dungeon)
 p - the ring of Kahocsur (left hand) {rF+ Dex+2}
   (You found it on level 13 of the Dungeon)

   [ring of protection from fire]

   It affects your dexterity (+2).
   It protects you from fire.
 R - the ring of Wifyttil {MP+9 Dex+2}
   (You found it on level 6 of the Dungeon)

   [ring of magical power]

   It affects your dexterity (+2).
   It affects your magic capacity (+9).
 X - a +2 ring of evasion
   (You found it on level 3 of the Lair of Beasts)
Wands
 G - a wand of iceblast (17)
   (You found it on level 7 of the Dungeon)
 L - a wand of acid (42)
   (You took it off a kobold on level 8 of the Dungeon)
 O - a wand of digging (10)
   (You found it on level 4 of the Dungeon)
 Q - a wand of paralysis (8)
   (You took it off an orc wizard on level 6 of the Dungeon)
Scrolls
 b - a scroll of brand weapon
 o - 4 scrolls of immolation
 r - 4 scrolls of identify
 t - 8 scrolls of teleportation
 u - 3 scrolls of magic mapping
 x - 14 scrolls of remove curse
 z - a scroll of blinking
 B - a scroll of holy word
 D - 4 scrolls of fear
 F - a scroll of fog
 M - a scroll of vulnerability
 N - 3 scrolls of enchant weapon
 P - 3 scrolls of enchant armour
Potions
 d - 2 potions of might
 g - 6 potions of flight
 h - 2 potions of haste
 j - 2 potions of mutation
 k - a potion of ambrosia
 n - 4 potions of resistance
 q - 9 potions of curing
 s - 2 potions of cancellation
 y - 7 potions of lignification
 C - 2 potions of magic
 J - 4 potions of berserk rage
 Y - a potion of invisibility
Comestibles
 e - 42 rations


   Skills:
 + Level 16.7 Fighting
 - Level 18.0 Axes
 + Level 16.6 Armour
 - Level 11.0 Dodging
 - Level 15.0 Shields
 + Level 11.1 Invocations


You had 17 spell levels left.
You didn't know any spells.
Your spell library was empty.

Dungeon Overview and Level Annotations

Branches:
Dungeon (15/15)            Temple (1/1) D:4            Lair (6/6) D:9
  Swamp (4/4) Lair:3        Snake (4/4) Lair:2        Slime (0/5) Lair:5
    Orc (2/2) D:9             Elf (0/3) Orc:2        Vaults (2/5) D:13
 Depths (0/5) D:15          Sewer (visited)         Ossuary (visited)
  Crypt: Vaults:2-3

Altars:
Ashenzari
Cheibriados
Dithmenos
Elyvilon
Fedhas
Gozag
Hepliaklqana
Kikubaaqudgha
Makhleb
Nemelex Xobeh
Okawaru
Qazlal
Ru
Sif Muna
Trog
Uskayaw
Vehumet
Wu Jian
Xom
Yredelemnul
Zin
The Shining One
Beogh
Lugonu

Shops:
D:7 !   D:10 *   Orc:2 *(?[

Annotations:
D:6 2 transporters, Flugslaktarn's ghost, novice BaFi
D:7 2 runed translucent doors
D:9 2 transporters, acepyromaniac2's ghost, novice DsGl
D:14 2 transporters, Jaomiden's ghost, journeyman TrTm
Lair:2 1 runed translucent door, Xaosum's ghost, journeyman OgFE
Lair:3 exclusion: oklob plant
Lair:4 3 runed translucent doors, Libuhoy's ghost, journeyman DEFE
Vaults:2 Jory; Sojobo


Innate Abilities, Weirdness & Mutations

You can be seen from farther away. (+LOS)
You can swim through water.
You cover ground slowly.
You can hop long distances.


Message History

You slash the air elemental! You freeze the air elemental!
You destroy the air elemental!
The vortex of raging winds lifts you up.
You fly up into the air.
* * * LOW HITPOINT WARNING * * *
x2 The air elemental hits you but does no damage.
You slash Sojobo! You freeze Sojobo.
Sojobo is almost dead.
You miss the air elemental. You hit Jory but do no damage.
You closely miss the air elemental.
You block the air elemental's attack. x2
Jory hits you but does no damage. Jory bites you but does no damage.
You block Sojobo's attack. Sojobo pecks you but does no damage.
You block Sojobo's attack.
Your orange demon completely misses the air elemental.
The air elemental barely misses you.
You hit Sojobo. You freeze Sojobo.
Sojobo is almost dead.
You slice the air elemental!! You freeze the air elemental! You slice Jory!!
You freeze Jory. You completely miss the air elemental.
You die...

#.........'..#
#.......).#..#
#.........#..#
#..§§.....#..#
#...§.§<..#..#
#..§§...§§#..#
#.§§.§§§.§#..#
#§§§§VE§§§#..#
#○§§4@Q§§.#..#
#.§§§§E§§.#..#
##+#+######..#
#..# #..# #..#
#..# #..# #..#


You could see Jory, Sojobo (repels missiles), 2 air elementals and a friendly
orange demon (summoned).

Vanquished Creatures
  Kirke (Swamp:4)
  4 thorn hunters (Swamp:4)
  2 tengu reavers (Vaults:2)
  Agnes (D:13)
  9 nagarajas
  Louise (D:15)
  A vault warden (Vaults:1)
  Nessos (D:15)
  A fire dragon (Lair:4)
  Fannar (D:12)
  A yaktaur captain (Vaults:1)
  2 ice dragons (Vaults:1)
  Erica (D:11)
  Harold (D:11)
  16 hydras
  11 naga warriors
  A death knight (D:14)
  7 anacondas
  A ghost crab (Swamp:4)
  A catoblepas (Lair:6)
  3 centaur warriors
  4 ogre magi
  6 alligators
  20 two-headed ogres
  3 death yaks (Lair:6)
  4 shock serpents
  5 naga sharpshooters (Snake:4)
  Urug (D:12)
  Sonja (D:11)
  A fire crab (shapeshifter) (D:10)
  4 deep elf knights
  10 skeletal warriors
  9 sea snakes (Snake:4)
  A salamander mystic (Snake:3)
  A wizard (D:15)
  A flayed ghost (Vaults:2)
  2 fire crabs
  An unseen horror (D:11)
  A spriggan druid (Swamp:4)
  2 deep trolls (Orc:2)
  14 swamp dragons
  Pikel (D:7)
  3 naga ritualists (Snake:4)
  3 orc knights
  2 ironbrand convokers (Vaults:1)
  3 mana vipers
  6 deep elf magi
  2 lindwurms (Lair:6)
  2 manticores
  A necromancer (D:15)
  3 salamanders
  An orc sorcerer (Vaults:1)
  5 cyclopes
  13 ugly things
  Maurice (D:8)
  5 guardian serpents
  15 naga magi
  3 centaur zombies
  12 elephants
  17 black mambas
  Psyche (D:12)
  10 spiny frogs
  A storm dragon simulacrum (D:15)
  A yaktaur (shapeshifter) (Vaults:2)
  A gargoyle (D:13)
  2 torpor snails (Lair:6)
  2 rime drakes (Lair:6)
  9 yaktaurs
  3 komodo dragons
  4 centaur skeletons
  A kobold demonologist (D:11)
  4 freezing wraiths
  A tyrant leech (Swamp:4)
  Grinder (D:4)
  9 polar bears (Lair:6)
  14 trolls
  6 hornets
  5 bog bodies
  12 slime creatures
  A raiju (shapeshifter) (Vaults:1)
  15 blink frogs
  A harpy skeleton (D:15)
  A meliai zombie (D:12)
  3 dream sheep (Lair:6)
  5 raiju (Lair:6)
  7 hippogriffs
  A shadow (D:12)
  A vampire (D:10)
  A centaur simulacrum (D:15)
  6 spriggans
  16 humans (D:13)
  4 wyverns
  2 wraiths
  38 yaks
  6 basilisks
  3 hogs (Swamp:4)
  A hungry ghost (D:15)
  Eustachio (D:5)
  Menkaure (D:5)
  A steam dragon (D:10)
  10 wargs
  14 vampire mosquitoes
  37 nagas
  7 swamp worms
  11 water moccasins
  An acid dragon (D:11)
  6 porcupines
  10 hell hounds (Lair:6)
  6 swamp drakes
  17 orc warriors
  5 ice beasts
  3 sky beasts
  13 black bears
  A hornet zombie (D:15)
  4 phantoms
  An eye of draining (D:11)
  29 ogres
  31 wolves
  3 centaurs
  A necrophage (D:15)
  14 crocodiles
  22 bullfrogs
  9 big kobolds
  3 scorpions
  13 killer bees
  3 howler monkeys
  7 wights
  An electric eel (Lair:6)
  12 crimson imps
  A bullfrog zombie (D:7)
  A gnoll shaman (D:7)
  5 jellies
  14 orc priests
  3 hounds
  19 orc wizards
  4 bullfrog skeletons
  7 iguanas
  12 worker ants
  A hound zombie (D:8)
  9 mummies
  3 worker ant zombies
  5 gnolls (D:7)
  2 river rats (Sewer)
  25 adders
  3 shadow imps
  4 oozes
  3 adder skeletons
  An adder zombie (D:9)
  7 worms
  A dart slug (D:2)
  5 leopard geckos
  70 orcs
  7 ball pythons
  12 bats
  8 giant cockroaches
  15 hobgoblins
  16 jackals
  5 quokkas
  8 frilled lizards
  2 gnoll zombies (Ossuary)
  4 goblins
  2 hobgoblin zombies (Ossuary)
  31 kobolds
  2 kobold zombies (Ossuary)
  A leopard gecko skeleton (D:7)
  A leopard gecko zombie (D:8)
  2 orc zombies (Ossuary)
  3 quokka skeletons
  9 rats
  18 briar patches (Swamp:4)
  2 fungi
  3 plants
  A toadstool (D:1)
1109 creatures vanquished.

Vanquished Creatures (collateral kills)
  A hydra (Lair:3)
  A black mamba (Lair:3)
  3 blink frogs (Lair:3)
  A basilisk (Lair:2)
  A black bear (Lair:3)
  A crocodile (Lair:3)
  A bullfrog (Lair:2)
9 creatures vanquished.

Vanquished Creatures (others)
  A sky beast (D:10)
  An electric eel (Lair:4)
  A kobold (D:8)
  A briar patch (Swamp:4)
  11 fungi
  14 plants
  3 toadstools (D:1)
32 creatures vanquished.

Grand Total: 1150 creatures vanquished

Notes
Turn   | Place    | Note
-------+----------+-------------------------------------------
     0 | D:1      | Flugslaktarn the Barachi Fighter began the quest for the
                  | Orb.
     0 | D:1      | Reached XP level 1. HP: 18/18 MP: 1/1
   178 | D:1      | Reached XP level 2. HP: 24/25 MP: 2/2
   779 | D:1      | Reached XP level 3. HP: 30/30 MP: 3/3
   848 | D:1      | Reached skill level 3 in Axes
  1099 | D:2      | Found a glowing golden altar of the Shining One.
  1211 | D:2      | Reached XP level 4. HP: 22/37 MP: 4/4
  2066 | D:2      | Reached XP level 5. HP: 43/43 MP: 5/5
  2159 | D:2      | Found a shimmering blue altar of Sif Muna.
  2599 | D:3      | Reached skill level 4 in Axes
  2651 | D:3      | Found a blossoming altar of Fedhas.
  2771 | D:3      | Found a glowing drain.
  2801 | Sewer    | Entered a sewer
  2880 | Sewer    | Noticed a big kobold
  2898 | Sewer    | Killed a big kobold
  2898 | Sewer    | Reached XP level 6. HP: 50/50 MP: 6/6
  3139 | Sewer    | Reached skill level 5 in Fighting
  3160 | Sewer    | Reached skill level 5 in Axes
  3160 | Sewer    | Reached skill level 5 in Armour
  3311 | Sewer    | Reached XP level 7. HP: 56/56 MP: 7/7
  3566 | Sewer    | Reached skill level 5 in Shields
  4112 | D:4      | Reached skill level 6 in Axes
  4303 | D:4      | Found a staircase to the Ecumenical Temple.
  4337 | D:4      | Reached XP level 8. HP: 58/64 MP: 8/8
  4339 | Temple   | Entered the Ecumenical Temple
  4443 | Temple   | Became a worshipper of Makhleb the Destroyer
  4870 | D:4      | Noticed Grinder
  4878 | D:4      | Paralysed by Grinder for 4 turns
  4889 | D:4      | Paralysed by Grinder for 3 turns
  4894 | D:4      | Killed Grinder
  4894 | D:4      | Reached skill level 1 in Invocations
  5131 | D:4      | Reached skill level 7 in Axes
  5401 | D:5      | Entered Level 5 of the Dungeon
  5401 | D:5      | Noticed Menkaure
  5413 | D:5      | Killed Menkaure
  5574 | D:5      | Noticed Eustachio
  5584 | D:5      | Killed Eustachio
  5977 | D:5      | Found a white marble altar of Elyvilon.
  6081 | D:5      | Reached * piety under Makhleb
  6088 | D:5      | Reached XP level 9. HP: 61/71 MP: 10/10
  6103 | D:5      | Reached skill level 8 in Axes
  6626 | D:5      | Got a pair of heavily runed boots
  6637 | D:5      | Identified the +2 pair of boots of Twilight {rPois} (You
                  | found it on level 5 of the Dungeon)
  7338 | D:6      | Got a twitching bronze ring
  7364 | D:6      | Identified the ring of Wifyttil {MP+9 Dex+2} (You found it
                  | on level 6 of the Dungeon)
  7612 | D:6      | Reached skill level 9 in Axes
  7670 | D:6      | Reached ** piety under Makhleb
  7702 | D:6      | Found a transporter.
  7703 | D:6      | Found a transporter.
  7704 | D:6      | Noticed Flugslaktarn's ghost (novice BaFi)
  7778 | D:6      | Found an opulent altar of Gozag.
  7922 | D:7      | Found a runed translucent door.
  7923 | D:7      | Found a runed translucent door.
  7980 | D:7      | Noticed Pikel
  7998 | D:7      | Killed Pikel
  7998 | D:7      | Reached XP level 10. HP: 69/80 MP: 12/12
  8072 | D:7      | Found Lelaluox's Distillery.
  8079 | D:7      | Bought a potion of haste for 100 gold pieces
  8079 | D:7      | Bought a potion of heal wounds for 50 gold pieces
  8079 | D:7      | Bought a potion of heal wounds for 50 gold pieces
  8079 | D:7      | Bought a potion of might for 40 gold pieces
  8272 | D:7      | Found a sacrificial altar of Ru.
  8364 | D:7      | Found a shattered altar of Ashenzari.
  8369 | D:7      | Saw a vision of the Swamp and the Snake Pit.
  8369 | D:7      | Noticed a black mamba
  8369 | D:7      | Noticed an anaconda
  8369 | D:7      | Noticed a mana viper
  8369 | D:7      | Noticed an anaconda
  8369 | D:7      | Noticed a shock serpent
  8369 | D:7      | Noticed a black mamba
  8369 | D:7      | Noticed an alligator
  8370 | D:7      | Noticed a naga mage
  9264 | D:8      | Noticed a two-headed ogre
  9279 | D:8      | Killed a two-headed ogre
  9279 | D:8      | Reached skill level 10 in Axes
  9449 | D:8      | Found a sand-covered staircase.
  9459 | Ossuary  | Entered an ossuary
  9465 | Ossuary  | Reached *** piety under Makhleb
  9802 | D:8      | Found a sparkling altar of Nemelex Xobeh.
  9857 | D:8      | Found an iron altar of Okawaru.
  9976 | D:8      | Noticed Maurice
 10003 | D:8      | Killed Maurice
 10084 | D:8      | Noticed a deep elf mage
 10097 | D:8      | Killed a deep elf mage
 10589 | D:9      | Reached XP level 11. HP: 89/89 MP: 14/14
 10635 | D:9      | Found a transporter.
 10659 | D:9      | Found a staircase to the Orcish Mines.
 10706 | D:9      | Reached skill level 5 in Invocations
 10707 | D:9      | Reached skill level 11 in Axes
 10709 | D:9      | Reached **** piety under Makhleb
 10743 | D:9      | Noticed a two-headed ogre
 10755 | D:9      | Killed a two-headed ogre
 10821 | D:9      | Found a stormy altar of Qazlal.
 10925 | D:9      | Found a staircase to the Lair.
 11163 | D:9      | Found a hazy altar of Hepliaklqana.
 11171 | D:9      | Found a bloodstained altar of Trog.
 11174 | D:9      | Found a radiant altar of Vehumet.
 11177 | D:9      | Found a glowing silver altar of Zin.
 11237 | D:9      | Noticed acepyromaniac2's ghost (novice DsGl)
 11247 | D:9      | Found a transporter.
 11318 | D:10     | Entered Level 10 of the Dungeon
 11754 | D:10     | Found Seebej's Demolitions Depot.
 11924 | D:10     | Noticed a fire crab
 11931 | D:10     | Killed a fire crab
 12264 | D:11     | Reached ***** piety under Makhleb
 12328 | D:11     | Reached skill level 12 in Axes
 12328 | D:11     | Noticed Harold
 12346 | D:11     | Killed Harold
 12346 | D:11     | Reached skill level 10 in Fighting
 12364 | D:11     | Noticed a sixfirhy
 12425 | D:11     | Reached skill level 10 in Armour
 12432 | D:11     | Reached XP level 12. HP: 71/97 MP: 6/16
 12714 | D:11     | Noticed Erica
 12740 | D:11     | Killed Erica
 12856 | D:11     | Noticed Sonja
 12862 | D:11     | Killed Sonja
 13229 | D:12     | Found a sparkling altar of Nemelex Xobeh.
 13441 | D:12     | Noticed Fannar
 13630 | D:12     | Noticed Psyche
 13636 | D:12     | Killed Psyche
 13636 | D:12     | Reached skill level 10 in Shields
 13665 | D:12     | Noticed Urug
 13677 | D:12     | Killed Urug
 13850 | D:12     | Reached skill level 13 in Axes
 13864 | D:12     | Found a snail-covered altar of Cheibriados.
 13915 | D:12     | Killed Fannar
 14307 | Lair:1   | Entered Level 1 of the Lair of Beasts
 15428 | Lair:2   | Found a runed translucent door.
 15433 | Lair:2   | Noticed Xaosum's ghost (journeyman OgFE)
 15472 | Lair:2   | Found a staircase to the Snake Pit.
 15508 | Lair:2   | Gained mutation: You can hop long distances. [Barachi
                  | growth]
 15508 | Lair:2   | Reached XP level 13. HP: 106/106 MP: 18/18
 16252 | Lair:3   | Found a staircase to the Swamp.
 16898 | Lair:3   | Identified 3 scrolls of acquirement
 16903 | Lair:3   | Identified the +2 pair of boots "Jomuam" {Str+4} (You
                  | acquired it on level 3 of the Lair of Beasts)
 16903 | Lair:3   | Identified the ring of Zium {rPois Dex+2 Stlth+} (You
                  | acquired it on level 3 of the Lair of Beasts)
 16907 | Lair:3   | Identified the ring "Tisagroo" {rF+ rN+ Str+4 Dex-5 Stlth+}
                  | (You acquired it on level 3 of the Lair of Beasts)
 16990 | Lair:3   | Reached skill level 14 in Axes
 18044 | Lair:4   | Noticed Libuhoy's ghost (journeyman DEFE)
 18049 | Lair:4   | Found a runed translucent gate.
 18049 | Lair:4   | Found a runed translucent gate.
 18249 | Lair:4   | Found a runed translucent gate.
 18892 | Lair:4   | Noticed a fire dragon
 18909 | Lair:4   | Killed a fire dragon
 19085 | Lair:5   | Found a staircase to the Slime Pits.
 19385 | Lair:5   | Reached XP level 14. HP: 115/115 MP: 20/20
 19960 | Lair:6   | Entered Level 6 of the Lair of Beasts
 20140 | Lair:6   | Reached skill level 15 in Axes
 20142 | Lair:6   | Reached ****** piety under Makhleb
 20719 | Lair:6   | Reached skill level 1 in Dodging
 22274 | Lair:6   | Identified Tismas's Volume of Attacks
 22986 | D:13     | Got a smoking tin ring
 23079 | D:13     | Found a gate to the Vaults.
 23135 | D:13     | Reached XP level 15. HP: 122/124 MP: 22/22
 23350 | D:14     | Found a transporter.
 23357 | D:14     | Noticed Agnes
 23369 | D:14     | Identified the +0 battleaxe of the Undead {elec, *Slow
                  | rPois MR+++ Dex-2}
 23372 | D:14     | Noticed Jaomiden's ghost (journeyman TrTm)
 23372 | D:14     | Identified the ring "Joisk" {+Fly EV+4}
 23383 | D:13     | Killed Agnes
 23885 | D:14     | Reached skill level 5 in Dodging
 24019 | D:14     | Found a transporter.
 24119 | D:14     | Found a white marble altar of Elyvilon.
 24160 | D:14     | Found a bloodstained altar of Trog.
 24312 | D:15     | Entered Level 15 of the Dungeon
 24474 | D:15     | Found a basalt altar of Yredelemnul.
 24474 | D:15     | Noticed Nessos
 24488 | D:15     | Noticed Louise
 24500 | D:15     | Killed Nessos
 24527 | D:15     | Killed Louise
 24527 | D:15     | Reached skill level 16 in Axes
 25195 | D:15     | Found a staircase to the Depths.
 25259 | D:15     | Identified the ring of Kahocsur {rF+ Dex+2} (You found it
                  | on level 13 of the Dungeon)
 25402 | Orc:1    | Entered Level 1 of the Orcish Mines
 25545 | Orc:1    | Found a roughly hewn altar of Beogh.
 25999 | Orc:2    | Entered Level 2 of the Orcish Mines
 26050 | Orc:2    | Found a roughly hewn altar of Beogh.
 26169 | Orc:2    | Reached skill level 17 in Axes
 26187 | Orc:2    | Reached XP level 16. HP: 132/132 MP: 18/23
 26227 | Orc:2    | Found Meiggav's General Store.
 26228 | Orc:2    | Found Noijabol's Magic Scroll Boutique.
 26235 | Orc:2    | Found Ily Ytut's Armour Shop.
 26236 | Orc:2    | Found Cobruz's Weapon Emporium.
 26240 | Orc:2    | Bought a scroll of brand weapon for 300 gold pieces
 26240 | Orc:2    | Bought a scroll of enchant armour for 112 gold pieces
 26340 | Orc:2    | Bought the +11 plate armour "Vezuci" {-Tele Int+7 Dex+5}
                  | for 1341 gold pieces
 26393 | Orc:2    | Found a staircase to the Elven Halls.
 27160 | Swamp:1  | Entered Level 1 of the Swamp
 27228 | Swamp:1  | Reached skill level 18 in Axes
 27296 | Swamp:2  | Found the ring of Shadows {Umbra +Inv Stlth+}
 27498 | Swamp:4  | Entered Level 4 of the Swamp
 27499 | Swamp:4  | Noticed a thorn hunter
 27513 | Swamp:4  | Killed a thorn hunter
 27580 | Swamp:4  | Identified the ring "Luddip" {rC- Dex+4 Slay+2 SInv} (You
                  | acquired it on level 4 of the Swamp)
 27832 | Swamp:4  | Noticed Kirke
 27854 | Swamp:4  | Killed Kirke
 27918 | Swamp:4  | Noticed a thorn hunter
 27931 | Swamp:4  | Noticed a thorn hunter
 27941 | Swamp:4  | Killed a thorn hunter
 27949 | Swamp:4  | Killed a thorn hunter
 28005 | Swamp:4  | Noticed a thorn hunter
 28026 | Swamp:4  | Killed a thorn hunter
 28062 | Swamp:4  | Reached XP level 17. HP: 140/140 MP: 9/24
 28267 | Swamp:4  | Got a decaying rune of Zot
 28546 | Snake:1  | Entered Level 1 of the Snake Pit
 28691 | Snake:2  | Reached skill level 15 in Fighting
 28749 | Snake:3  | Reached skill level 15 in Armour
 28860 | Snake:4  | Entered Level 4 of the Snake Pit
 29494 | Snake:4  | Reached skill level 10 in Invocations
 29620 | Snake:4  | Reached skill level 10 in Dodging
 29620 | Snake:4  | Reached XP level 18. HP: 151/151 MP: 18/25
 29666 | Snake:4  | Reached skill level 15 in Shields
 29682 | Snake:4  | Got a serpentine rune of Zot
 30158 | Vaults:1 | Entered Level 1 of the Vaults
 30743 | Vaults:2 | Noticed Sojobo
 30744 | Vaults:2 | Noticed Jory
 30776 | Vaults:2 | HP: 3/153 [tengu reaver/bolt of lightning[Sojobo] (15)]
 30787 | Vaults:2 | HP: 6/153 [air elemental/tornado[Sojobo] (2)]
 30789 | Vaults:2 | Killed from afar by an air elemental

Illustrated notes

Levels and vault maps discovered:
D:1:      ldierk_water_garden, layout_loops_corners,
          corexii_item_surrounded_by_moat
D:2:      layout_basic, overflow_temple_1_default, led_sif_pool, first_ration,
          fountainhead, grunt_decor_fettered, minmay_snake_closets
D:3:      layout_loops_cross, fedhas_ov_isle_minmay, gup_sewer_entry_glass
D:4:      cheibrodos_greedy_goblins, layout_basic,
          minmay_temple_entry_statues_pillars, uniq_grinder
D:5:      layout_loops_corners, lemuel_crystal_altar, uniq_menkaure,
          uniq_eustachio
D:6:      layout_rooms, lemuel_crystal_altar, gammafunk_ghost_smash
D:7:      lemuel_insect_pit, layout_loops_corners,
          nicolae_ru_sacrificial_ziggurat, serial_shops, shop, grunt_ogre_cave,
          grunt_ashenzari_visionary [grunt_ashenzari_visionary_swamp,
          grunt_ashenzari_visionary_snake], uniq_pikel
D:8:      layout_cave_pods, lemuel_coloured_pillars_altar, kennysheep_mini_moat,
          gup_ossuary_entry_pyramid, guppyfry_early_elven_hall, uniq_maurice
D:9:      layout_irregular_city, lemuel_doored_altar,
          grunt_temple_overflow_cloverleaf, grunt_lair_entry_orc_guard_hut,
          orc_0_dummy, gammafunk_ghost_hive, minivault_24
D:10:     wad_woods_structure_01, layout_basic, nicolae_blasting_shop,
          minmay_unpleasant_kobolds
D:11:     layout_loops_cross, uniq_harold, uniq_erica, uniq_sonja
D:12:     layout_loops_ring, hangedman_feature_mirror, uniq_urug, uniq_psyche,
          uniq_fannar
D:13:     layout_irregular_city, david_vaults_3, grunt_ministairs_5
D:14:     layout_rooms, gammafunk_ghost_wrathful_warriors,
          serial_park_tiny_pond, elyvilon_altar_5, uniq_agnes
D:15:     grunt_enter_depths_magical_seal, layout_gridville, serial_park_tiny_1,
          basic_altar, uniq_nessos, uniq_louise
Temple:   corrupted_temple
Lair:1:   statuecave_lemuel, layout_layer_cave, st_stairs_6
Lair:2:   layout_cave_shapes, minmay_snake_entry_guardpost_small,
          ebering_ghost_reflecting_pool
Lair:3:   layout_loops_ring, skrybe_swamp_entry_bodies,
          minmay_lair_oklob_bushes, grunt_megastairs_1
Lair:4:   dragon1_lemuel, layout_layer_cave, gammafunk_ghost_split
Lair:5:   layout_loops_ring, minmay_slime_entry_pillars, grunt_megastairs_4
Lair:6:   hangedman_lair_in_review, layout_loops_ring,
          hangedman_lair_caniforms_friends, st_stairs_3, serial_bayou_shore_a
Swamp:1:  layout_basic_swamp, nicolae_swamp_trees_clearing, swamp_pool2
Swamp:2:  layout_falls_marsh, gammafunk_ghost_mausoleum, wheals_swamp_sinkhole
Swamp:3:  layout_falls_marsh, evilmike_swamp_ruin_house_3, swamp_pool3,
          grunt_hermit_hut
Swamp:4:  swamp_basic_johnstein, layout_basic_swamp, uniq_kirke
Snake:1:  layout_gridlike, drop_trap, grunt_ministairs_7, grunt_megastairs_2,
          uniq_asterion, uniq_rupert, uniq_aizul
Snake:2:  gammafunk_the_bubble [the_bubble_gammafunk_split], layout_onion,
          serial_shops, nicolae_shop_crystal, minmay_shop_grove
Snake:3:  layout_onion, serial_shops, nicolae_shop_statue_plus
Snake:4:  grunt_snake_rune_pools, layout_cave_town
Orc:1:    nicolae_orc_accident_3, layout_caves, serial_shops, basic_altar
Orc:2:    st_orc_open, layout_caves, minmay_orc_temple_a
Vaults:1: ontoclasm_vaults_spin, hangedman_vaults_unwind,
          nicolae_vaults_network_periphery, st_octagons_2, v_misc_17,
          nicolae_vaults_rhombus_7, ontoclasm_vaults_idyll,
          nicolae_vaults_shelves_hall, nicolae_vaults_shelves_hall,
          layout_vaults_ring, serial_shops, shop
Vaults:2: nicolae_vaults_three_branches, hangedman_vaults_snaps,
          vaults_dpeg_cross, nicolae_vaults_twisting_passages, serial_ice_g,
          ontoclasm_vaults_ring_square, vaults_room_large_hall,
          vaults_mumra_hex, v_misc_4, v_misc_10, st_lines,
          layout_vaults_omnigrid, serial_shops, shop, uniq_sojobo, uniq_xtahua,
          uniq_jory

Skill      XL: |  1  2  3  4  5  6  7  8  9 10 11 12 13 14 15 16 17 18 |
---------------+-------------------------------------------------------+-----
Fighting       | 4 5 6 8 9 10 11 12 13 14 15 16 | 16.7
Axes           | 3 4 5 6 7 9 10 12 13 14 15 17 18 | 18.0
Armour         | 4 5 6 7 8 10 11 12 13 14 15 16 | 16.6
Shields        | 4 5 6 7 8 9 10 11 12 13 14 15 | 15.0
Invocations    | 2 3 4 6 7 8 9 10 11 | 11.1
Dodging        | 3 5 7 10 11 | 11.0

Action                   |  1- 3 |  4- 6 |  7- 9 | 10-12 | 13-15 | 16-18 || total
-------------------------+-------+-------+-------+-------+-------+-------++-------
Melee: War axe           |   111 |   270 |   484 |    46 |       |       ||   911
       Hand axe          |       |       |       |   770 |  1159 |       ||  1929
       Broad axe         |       |       |       |       |   239 |   959 ||  1198
Invok: Lesser Servant of |       |       |       |       |    13 |     1 ||    14
       Greater Servant o |       |       |       |       |       |     1 ||     1
 Abil: Hop               |       |       |       |     1 |     2 |     1 ||     4
Evoke: Wand              |       |       |       |     1 |     7 |     3 ||    11
  Use: Potion            |       |     3 |       |       |     2 |    14 ||    19
       Scroll            |       |       |    15 |     7 |    24 |     6 ||    52
 Stab: Paralysed         |       |       |       |     3 |       |       ||     3
       Invisible         |       |       |       |     2 |       |       ||     2
       Distracted        |       |       |       |       |     4 |     1 ||     5
       Petrifying        |       |       |       |       |     1 |       ||     1
       Petrified         |       |       |       |       |     1 |       ||     1
  Eat: Chunk             |     1 |     8 |    17 |    19 |    21 |     6 ||    72
       Ration            |       |       |       |     3 |     5 |     4 ||    12
Armor: Scale mail        |    51 |       |       |       |       |       ||    51
       Plate armour      |    15 |   185 |   291 |   409 |   808 |   644 ||  2352
Dodge: Dodged            |    42 |    49 |    71 |    99 |   382 |   452 ||  1095
Block: Kite shield       |    77 |   137 |   239 |   339 |   800 |   751 ||  2343

Table legend:
 A = Non-vault XP
 B = Vault XP
 C = Vault XP percentage of total XP
 D = Non-vault monster count
 E = Vault monster count
 F = Vault count percentage of total count
                 A         B        C        D         E       F
            +---------+---------+-------+---------+---------+-------
      Total |  155103 |  143789 |  48.1 |     702 |     394 |  35.9
            +---------+---------+-------+---------+---------+-------
        D:1 |      40 |       0 |   0.0 |      25 |       0 |   0.0
        D:2 |      71 |      73 |  50.7 |      27 |       9 |  25.0
        D:3 |      93 |      20 |  17.7 |      19 |       4 |  17.4
        D:4 |     391 |     331 |  45.8 |      21 |      12 |  36.4
        D:5 |     618 |     368 |  37.3 |      23 |       2 |   8.0
        D:6 |    1436 |       0 |   0.0 |      30 |       0 |   0.0
        D:7 |    1220 |     779 |  39.0 |      37 |       2 |   5.1
        D:8 |    1458 |    1088 |  42.7 |      13 |       3 |  18.8
        D:9 |    3411 |     602 |  15.0 |      30 |       4 |  11.8
       D:10 |    2055 |    1186 |  36.6 |      28 |      14 |  33.3
       D:11 |    2648 |    2696 |  50.4 |      27 |       3 |  10.0
       D:12 |    2767 |    3067 |  52.6 |      17 |       5 |  22.7
       D:13 |     721 |    8241 |  92.0 |       6 |      23 |  79.3
       D:14 |   14004 |       0 |   0.0 |      33 |       0 |   0.0
       D:15 |    5810 |    7269 |  55.6 |      28 |      12 |  30.0
     Lair:1 |    3020 |     105 |   3.4 |      17 |       1 |   5.6
     Lair:2 |    4023 |     495 |  11.0 |      20 |       3 |  13.0
     Lair:3 |    3548 |    2645 |  42.7 |      11 |      14 |  56.0
     Lair:4 |    8857 |     851 |   8.8 |      33 |       1 |   2.9
     Lair:5 |    3204 |    1280 |  28.5 |      19 |       7 |  26.9
     Lair:6 |    5739 |   20481 |  78.1 |      28 |      80 |  74.1
    Swamp:1 |    6875 |       0 |   0.0 |      17 |       0 |   0.0
    Swamp:2 |    1254 |       0 |   0.0 |       3 |       0 |   0.0
    Swamp:3 |    3666 |       0 |   0.0 |       7 |       0 |   0.0
    Swamp:4 |   11512 |   27076 |  70.2 |      26 |      34 |  56.7
    Snake:1 |       0 |    1863 | 100.0 |       0 |       4 | 100.0
    Snake:2 |    4441 |       0 |   0.0 |       6 |       0 |   0.0
    Snake:3 |    8182 |       0 |   0.0 |      16 |       0 |   0.0
    Snake:4 |   16795 |   42781 |  71.8 |      36 |      59 |  62.1
      Orc:1 |    2074 |     152 |   6.8 |      27 |       6 |  18.2
      Orc:2 |    1329 |   15056 |  91.9 |      15 |      44 |  74.6
   Vaults:1 |   16016 |    1512 |   8.6 |      31 |       2 |   6.1
   Vaults:2 |   17825 |    2977 |  14.3 |      26 |       2 |   7.1
      Sewer |       0 |     642 | 100.0 |       0 |      28 | 100.0
    Ossuary |       0 |     153 | 100.0 |       0 |      16 | 100.0
            +---------+---------+-------+---------+---------+-------
